 Dungeon Crawl Stone Soup version 0.17.1-2-g5865329 (webtiles) character file.

228 PossumBlood the Conjurer (level 5, -3/28 HPs)
             Began as a Deep Elf Wizard on Jan 21, 2016.
             Killed by divine providence
             ... invoked by an orc priest
              (11 damage)
             ... on level 4 of the Dungeon.
             The game lasted 00:18:40 (3387 turns).

PossumBlood the Conjurer (Deep Elf Wizard)          Turns: 3387, Time: 00:18:40

Health: -3/28      AC:  3    Str:  4    XL:     5   Next: 71%
Magic:  2/13       EV: 13    Int: 24    God:
Gold:   150        SH:  0    Dex: 13    Spells: 5 memorised, 2 levels left

rFire  . . .     SeeInvis .     (no weapon)
rCold  . . .     Clarity  +     a - +0 robe
rNeg   . . .     SustAt   .     (no shield)
rPois  .         Gourm    .     b - +1 hat
rElec  .         Spirit   .     (no cloak)
rCorr  .         Warding  .     (no gloves)
rMut   .         Stasis   .     (no boots)
MR     .....                    o - amulet of clarity
Stlth  +++.......               m - +1 ring of evasion
                                g - ring of stealth

@: repel missiles, not resistant to hostile enchantments, fairly stealthy
A: no striking features
a: no special abilities


You were on level 4 of the Dungeon.
You were not hungry.

You visited 1 branch of the dungeon, and saw 4 of its levels.

You collected 150 gold pieces.

Inventory:

Armour
 a - a +0 robe (worn)
 b - a +1 hat (worn)
Jewellery
 g - a ring of stealth (left hand)
 m - a +1 ring of evasion (right hand)
 o - an amulet of clarity (around neck)
Wands
 h - a wand of lightning (7)
Scrolls
 i - 2 scrolls of remove curse
 k - a scroll of teleportation
 q - a scroll of identify
Potions
 e - a potion of haste {unknown}
 f - a potion of cure mutation
 l - a potion of mutation {unknown}
 n - a potion of might {unknown}
 p - a potion of brilliance {unknown}
Books
 c - a book of Minor Magic

   Spells                             Type                      Level
   a - Magic Dart                     Conjuration                  1
   b - Blink                          Translocation                2
   c - Call Imp                       Summoning                    2
   d - Repel Missiles                 Charms/Air                   2
   e - Slow                           Hexes                        2
   f - Conjure Flame                  Conjuration/Fire             3
   g - Mephitic Cloud                 Conjuration/Poison/Air       3
Comestibles
 d - 2 bread rations
 j - 2 meat rations


   Skills:
 - Level 2.4 Dodging
 - Level 2.4 Stealth
 - Level 4.4 Spellcasting
 + Level 6.3 Conjurations
   Level 1.1 Summonings
 - Level 1.1 Translocations


You had 2 spell levels left.
You knew the following spells:

 Your Spells              Type           Power        Failure   Level  Hunger
a - Magic Dart            Conj           ####         1%          1    None
b - Blink                 Tloc           N/A          12%         2    None
c - Repel Missiles        Chrm/Air       #.....       14%         2    None
d - Slow                  Hex            #.......     14%         2    None
e - Conjure Flame         Conj/Fire      ###.....     10%         3    ##.....


Dungeon Overview and Level Annotations

Branches:
Dungeon (4/15)
 Temple: D:4-7

Altars:
Nemelex Xobeh
Okawaru
The Shining One


Message History

The magic dart hits the orc priest.
Casting: Magic Dart
Confirm with . or Enter, or press ? or * to list all spells.
Aiming: Magic Dart
Press: ? - help, Shift-Dir - straight line, f/p - orc priest
Aim: an orc priest, wielding a dagger and wearing a ring mail The magic dart hits the orc priest.
The orc priest is lightly wounded.
The orc priest closely misses you. The orc hits you but does no damage.
Casting: Magic Dart
Confirm with . or Enter, or press ? or * to list all spells.
You don't have enough magic to cast that spell.
The orc priest mumbles some strange prayers to Beogh against you.
Pain shoots through your body!
The orc priest mumbles some strange prayers to Beogh against you.
Pain shoots through your body!
* * * LOW HITPOINT WARNING * * *
The orc priest invokes the aid of Beogh against you.
Something smites you!
You die...

#...##..#.##.####..
... #....(........
#............. .
##.............
..##..............
..................#
#.................#
##................#
##....@).........#
#................#
###..............#
##............#
###.......####
#.....#..##
#.#..###o.##
#...#'#'#o.###
#..###.###...#


You could see an orc priest and an orc.

Vanquished Creatures
  A crimson imp (D:4)
  An orc wizard (D:3)
  An orc priest (D:3)
  Robin (D:3)
  3 adders
  An ooze (D:2)
  12 orcs
  4 giant cockroaches
  17 goblins
  13 hobgoblins
  2 jackals (D:1)
  4 kobolds
  5 quokkas
  A ball python (D:1)
  2 bats
  2 giant geckos
  2 giant newts
  A goblin skeleton (D:4)
  A goblin zombie (D:4)
  A hobgoblin zombie (D:4)
  2 kobold skeletons (D:4)
  A kobold zombie (D:4)
  2 orc zombies (D:4)
  5 rats
85 creatures vanquished.

Notes
Turn   | Place    | Note
--------------------------------------------------------------
     0 | D:1      | PossumBlood the Deep Elf Wizard began the quest for the Orb.
     0 | D:1      | Reached XP level 1. HP: 10/10 MP: 7/7
   426 | D:1      | Reached XP level 2. HP: 15/15 MP: 7/9
  1019 | D:2      | Learned a level 2 spell: Blink
  1022 | D:2      | Learned a level 2 spell: Repel Missiles
  1025 | D:2      | Learned a level 2 spell: Slow
  1542 | D:2      | Reached XP level 3. HP: 17/19 MP: 1/10
  1629 | D:2      | Found an iron altar of Okawaru.
  1668 | D:2      | Learned a level 3 spell: Conjure Flame
  2155 | D:3      | Reached XP level 4. HP: 24/24 MP: 2/12
  2309 | D:3      | Reached skill level 5 in Conjurations
  2424 | D:3      | Noticed Robin
  2443 | D:3      | Reached XP level 5. HP: 22/28 MP: 0/13
  2625 | D:3      | Killed Robin
  2854 | D:3      | Found a faded altar to an unknown god.
  3119 | D:4      | Found a glowing golden altar of the Shining One.
  3144 | D:4      | Reached skill level 6 in Conjurations
  3300 | D:4      | Found a sparkling altar of Nemelex Xobeh.
  3387 | D:4      | Killed from afar by an orc priest

Action                   |  1- 3 |  4- 6 || total
-------------------------+-------+-------++-------
Melee: Unarmed           |       |     2 ||     2
 Cast: Magic Dart        |   110 |   110 ||   220
       Conjure Flame     |       |     2 ||     2
       Repel Missiles    |       |     1 ||     1
  Use: Scroll            |     8 |     2 ||    10
       Potion            |       |     1 ||     1
  Eat: Beef jerky        |     1 |       ||     1
       Bread ration      |     1 |       ||     1
       Pizza             |     1 |       ||     1
